 Dungeon Crawl Stone Soup version 0.23.0 (webtiles) character file.

Game seed: 10316911751625586074

337 tidbits the Charmwright (level 6, 0/51 HPs)
             Began as a Gnoll Skald on Feb 11, 2019.
             Slain by an iguana (12 damage)
             ... on level 5 of the Dungeon.
             The game lasted 00:07:45 (628 turns).

tidbits the Charmwright (Gnoll Skald)                Turns: 628, Time: 00:07:45

Health: 0/51       AC:  3    Str: 13    XL:     6   Next: 54%
Magic:  2/14       EV: 14    Int: 17    God:
Gold:   64         SH:  4    Dex: 15    Spells: 4/15 levels left

rFire    . . .     SeeInvis .   a - +0 spear (pain)
rCold    . . .     Gourm    .   (no shield)
rNeg     . . .     Faith    .   b - +0 leather armour
rPois    .         Spirit   .   (no helmet)
rElec    .         Reflect  +   (no cloak)
rCorr    .         Harm     .   (no gloves)
MR       .....                  (no boots)
Stlth    ++........             n - +4 amulet of reflection
HPRegen  0.17/turn              (no ring)
MPRegen  0.14/turn              t - ring of flight

@: no status effects
A: distributed training, fangs 1, strong nose
a: Evoke Flight


You were on level 5 of the Dungeon.
You were not hungry.

You visited 1 branch of the dungeon, and saw 5 of its levels.

You collected 64 gold pieces.

Inventory:

Hand Weapons
 a - a +0 spear of pain (weapon)
   (You found it on level 1 of the Dungeon)
 i - a +0 spear
 l - a +0 dagger of venom
   (You took it off a kobold on level 2 of the Dungeon)
 q - a cursed +0 shortbow
Missiles
 h - 7 tomahawks (quivered)
 k - 15 stones
Armour
 b - a +0 leather armour (worn)
 f - a +0 ring mail
 p - a +0 ring mail
Jewellery
 m - an uncursed ring of teleportation
   (You found it on level 3 of the Dungeon)
 n - a +4 amulet of reflection (around neck)
   (You found it on level 3 of the Dungeon)
 t - a ring of flight (right hand)
   (You found it on level 4 of the Dungeon)
Scrolls
 c - a scroll of random uselessness
 j - 2 scrolls of teleportation
 r - a scroll of remove curse
 s - a scroll of blinking
Potions
 e - a potion of haste
 g - a potion of magic
 o - a potion of heal wounds
 u - a potion of degeneration {unknown}
Comestibles
 d - 4 rations


   Skills:
 + Level 5.0 Fighting
 + Level 2.0 Short Blades
 + Level 2.0 Long Blades
 + Level 2.0 Axes
 + Level 2.0 Maces & Flails
 + Level 5.0 Polearms
 + Level 2.0 Staves
 + Level 2.0 Slings
 + Level 2.0 Bows
 + Level 2.0 Crossbows
 + Level 2.0 Throwing
 + Level 3.2 Armour
 + Level 5.0 Dodging
 + Level 2.0 Stealth
 + Level 2.0 Shields
 + Level 2.0 Unarmed Combat
 + Level 5.3 Spellcasting
 + Level 1.5 Conjurations
 + Level 1.5 Hexes
 + Level 5.6 Charms
 + Level 1.5 Summonings
 + Level 1.5 Necromancy
 + Level 1.5 Translocations
 + Level 1.5 Transmutations
 + Level 1.5 Fire Magic
 + Level 1.5 Ice Magic
 + Level 1.5 Air Magic
 + Level 1.5 Earth Magic
 + Level 1.5 Poison Magic
 + Level 2.1 Invocations
 + Level 2.0 Evocations


You had 4 spell levels left.
You knew the following spells:

 Your Spells              Type           Power        Failure   Level  Hunger
g - Shroud of Golubria    Chrm/Tloc      ###.......   6%          2    #......
i - Infusion              Chrm           ###.         1%          1    None
r - Regeneration          Chrm/Necr      ###.......   12%         3    ##.....
w - Spectral Weapon       Hex/Chrm       ###.....     12%         3    ##.....
y - Song of Slaying       Chrm           ###.....     2%          2    #......

Your spell library contained the following spells:

 Spells                   Type           Power        Failure   Level  Hunger


Dungeon Overview and Level Annotations

Branches:
Dungeon (5/15)
 Temple: D:4-7

Altars:
Fedhas
Gozag


Innate Abilities, Weirdness & Mutations

Your experience applies equally to all skills.
You have very sharp teeth.
Your uncanny sense of smell can sniff out nearby items.


Message History

The water moccasin closely misses you.
You hit the water moccasin.
The water moccasin is almost dead.
Your spectral weapon hits the water moccasin but does no damage.
Your shroud bends the water moccasin's attack away.
You miss the water moccasin.
The water moccasin is almost dead.
Your spectral weapon completely misses the water moccasin.
The water moccasin bites you.
* * * LOW HITPOINT WARNING * * *
You closely miss the water moccasin.
You bite the water moccasin, but do no damage.
The water moccasin is almost dead.
Your spectral weapon misses the water moccasin.
Your shroud bends the water moccasin's attack away.
The water moccasin bites you but does no damage.
A hound comes into view.
Unknown command.
You barely miss the water moccasin.
The water moccasin is almost dead.
The hound barks!
Your spectral weapon hits the water moccasin but does no damage.
The water moccasin bites you but does no damage.
You hit the water moccasin.
The water moccasin is almost dead.
Your spectral weapon closely misses the water moccasin.
The water moccasin barely misses you.
You miss the water moccasin.
The water moccasin is almost dead.
Your spectral weapon hits the water moccasin but does no damage.
The water moccasin writhes in agony.
You kill the water moccasin!
Your Invocations skill increases to level 2!
You have reached level 6!
Your experience leads to an increase in your attributes!
Increase (S)trength, (I)ntelligence, or (D)exterity?
You feel clever.
Unknown command.
You hit the hound.
The hound writhes in agony.
The hound is heavily wounded.
Your spectral weapon fades away.
The hound misses you.
You hit the hound.
The hound writhes in agony.
The hound is severely wounded.
The hound bites you.
* * * LOW HITPOINT WARNING * * *
Casting: Shroud of Golubria (safe; 6% risk of failure)
Confirm with . or Enter, or press ? or * to list all spells.
You draw out your weapon's spirit!
The hound bites you.
* * * LOW HITPOINT WARNING * * *
An iguana comes into view.
The hound bites you.
* * * LOW HITPOINT WARNING * * *
Your shroud falls apart!
You are too injured to fight recklessly!
You are too injured to fight recklessly!
You are too injured to fight recklessly!
You closely miss the hound.
The hound is severely wounded.
Your spectral weapon barely misses the hound.
The hound barely misses you.
You closely miss the hound.
The hound is severely wounded.
Your spectral weapon misses the hound.
The hound misses you. The hound closely misses you.
You hit the hound but do no damage.
The hound is severely wounded.
Your spectral weapon closely misses the hound.
The hound closely misses you.
You hit the hound.
The hound writhes in agony.
You kill the hound!
Your Fighting skill increases to level 5!
Your Short Blades skill increases to level 2!
Your Long Blades skill increases to level 2!
Your Axes skill increases to level 2!
Your Maces & Flails skill increases to level 2!
Your Polearms skill increases to level 5!
Your Staves skill increases to level 2!
Your Slings skill increases to level 2!
Your Bows skill increases to level 2!
Your Crossbows skill increases to level 2!
Your Throwing skill increases to level 2!
Your Dodging skill increases to level 5!
Your Stealth skill increases to level 2!
Your Shields skill increases to level 2!
Your Unarmed Combat skill increases to level 2!
Your Evocations skill increases to level 2!
The iguana bites you but does no damage.
You hit the iguana but do no damage.
The iguana writhes in agony.
The iguana is lightly wounded.
Your spectral weapon hits the iguana but does no damage.
The iguana misses you.
You hit the iguana.
The iguana is moderately wounded.
Your spectral weapon hits the iguana but does no damage.
The iguana closely misses you.
You closely miss the iguana.
The iguana is moderately wounded.
Your spectral weapon hits the iguana from afar.
The iguana writhes in agony.
The iguana bites you!
You die...

.# #.## .. ....
.# #..# ##.....#
# # . .#..# .#
##.#. ...# ..###
.#....##..##....#
........@l......#
##...†(..%.....#
#.#####..##....
#<.# ... #..# .
..... ...?....
#######.... #...


You could see an iguana and a friendly spectral +0 spear of pain.

Vanquished Creatures
  A water moccasin (D:5)
  A bullfrog (D:2)
  A hound (D:5)
  Natasha (twice) (D:3)
  An orc wizard (D:3)
  3 adders
  A dart slug (D:2)
  2 orcs (D:3)
  A giant cockroach (D:1)
  7 goblins
  A hobgoblin (D:1)
  8 kobolds
  2 quokkas (D:2)
  2 bats
  3 frilled lizards
  A rat (D:1)
37 creatures vanquished.

Notes
Turn   | Place    | Note
-------+----------+-------------------------------------------
     0 | D:1      | tidbits the Gnoll Skald began the quest for the Orb.
     0 | D:1      | Reached XP level 1. HP: 20/20 MP: 6/6
    91 | D:1      | Reached XP level 2. HP: 26/26 MP: 1/7
    95 | D:1      | Learned a level 2 spell: Song of Slaying
    98 | D:1      | Learned a level 2 spell: Shroud of Golubria
   194 | D:2      | Noticed a bullfrog
   208 | D:2      | Killed a bullfrog
   208 | D:2      | Reached skill level 1 in Short Blades
   208 | D:2      | Reached skill level 1 in Long Blades
   208 | D:2      | Reached skill level 1 in Axes
   208 | D:2      | Reached skill level 1 in Maces & Flails
   208 | D:2      | Reached skill level 1 in Staves
   208 | D:2      | Reached skill level 1 in Slings
   208 | D:2      | Reached skill level 1 in Bows
   208 | D:2      | Reached skill level 1 in Crossbows
   208 | D:2      | Reached skill level 1 in Throwing
   208 | D:2      | Reached skill level 1 in Stealth
   208 | D:2      | Reached skill level 1 in Shields
   208 | D:2      | Reached skill level 1 in Unarmed Combat
   208 | D:2      | Reached skill level 5 in Spellcasting
   208 | D:2      | Reached skill level 1 in Invocations
   208 | D:2      | Reached skill level 1 in Evocations
   208 | D:2      | Reached XP level 3. HP: 29/31 MP: 0/9
   208 | D:2      | Reached XP level 4. HP: 36/38 MP: 0/11
   213 | D:2      | Learned a level 3 spell: Regeneration
   217 | D:2      | Learned a level 3 spell: Spectral Weapon
   262 | D:2      | Reached skill level 1 in Conjurations
   262 | D:2      | Reached skill level 1 in Hexes
   262 | D:2      | Reached skill level 1 in Summonings
   262 | D:2      | Reached skill level 1 in Necromancy
   262 | D:2      | Reached skill level 1 in Translocations
   262 | D:2      | Reached skill level 1 in Transmutations
   262 | D:2      | Reached skill level 1 in Fire Magic
   262 | D:2      | Reached skill level 1 in Ice Magic
   262 | D:2      | Reached skill level 1 in Air Magic
   262 | D:2      | Reached skill level 1 in Earth Magic
   262 | D:2      | Reached skill level 1 in Poison Magic
   323 | D:2      | Found an opulent altar of Gozag.
   430 | D:3      | Noticed Natasha
   435 | D:3      | Killed Natasha
   435 | D:3      | Reached XP level 5. HP: 42/43 MP: 9/12
   447 | D:3      | Noticed Natasha
   457 | D:3      | Killed Natasha
   477 | D:3      | Reached skill level 3 in Armour
   501 | D:3      | HP: 6/43 [orc/+0 flail (4)]
   546 | D:4      | Found a blossoming altar of Fedhas.
   600 | D:5      | Entered Level 5 of the Dungeon
   601 | D:5      | Noticed a water moccasin
   617 | D:5      | Killed a water moccasin
   617 | D:5      | Reached skill level 2 in Invocations
   617 | D:5      | Reached XP level 6. HP: 21/50 MP: 4/14
   625 | D:5      | Reached skill level 5 in Fighting
   625 | D:5      | Reached skill level 2 in Short Blades
   625 | D:5      | Reached skill level 2 in Long Blades
   625 | D:5      | Reached skill level 2 in Axes
   625 | D:5      | Reached skill level 2 in Maces & Flails
   625 | D:5      | Reached skill level 5 in Polearms
   625 | D:5      | Reached skill level 2 in Staves
   625 | D:5      | Reached skill level 2 in Slings
   625 | D:5      | Reached skill level 2 in Bows
   625 | D:5      | Reached skill level 2 in Crossbows
   625 | D:5      | Reached skill level 2 in Throwing
   625 | D:5      | Reached skill level 5 in Dodging
   625 | D:5      | Reached skill level 2 in Stealth
   625 | D:5      | Reached skill level 2 in Shields
   625 | D:5      | Reached skill level 2 in Unarmed Combat
   625 | D:5      | Reached skill level 2 in Evocations
   628 | D:5      | Slain by an iguana

Skill      XL: |  1  2  3  4  5  6 |
---------------+-------------------+-----
Short Blades   | 1 2 |  2.0
Long Blades    | 1 2 |  2.0
Axes           | 1 2 |  2.0
Maces & Flails | 1 2 |  2.0
Staves         | 1 2 |  2.0
Slings         | 1 2 |  2.0
Bows           | 1 2 |  2.0
Crossbows      | 1 2 |  2.0
Throwing       | 1 2 |  2.0
Stealth        | 1 2 |  2.0
Shields        | 1 2 |  2.0
Unarmed Combat | 1 2 |  2.0
Spellcasting   | 5 |  5.3
Invocations    | 1 2 |  2.1
Evocations     | 1 2 |  2.0
Conjurations   | 1 |  1.5
Hexes          | 1 |  1.5
Summonings     | 1 |  1.5
Necromancy     | 1 |  1.5
Translocations | 1 |  1.5
Transmutations | 1 |  1.5
Fire Magic     | 1 |  1.5
Ice Magic      | 1 |  1.5
Air Magic      | 1 |  1.5
Earth Magic    | 1 |  1.5
Poison Magic   | 1 |  1.5
Armour         | 3 |  3.2
Fighting       | 5 |  5.0
Polearms       | 5 |  5.0
Dodging        | 5 |  5.0
Charms         | |  5.6

Action                   |  1- 3 |  4- 6 || total
-------------------------+-------+-------++-------
Melee: Spear             |    25 |    87 ||   112
       Bite              |     1 |     8 ||     9
Throw: Tomahawk          |     1 |       ||     1
 Cast: Infusion          |     5 |       ||     5
       Spectral Weapon   |       |    12 ||    12
       Song of Slaying   |       |     1 ||     1
       Shroud of Golubri |       |     1 ||     1
  Use: Scroll            |       |     8 ||     8
       Potion            |       |     1 ||     1
 Stab: Sleeping          |       |     2 ||     2
       Distracted        |       |     1 ||     1
  Eat: Ration            |       |     1 ||     1
Armor: Leather armour    |     4 |    14 ||    18
Dodge: Dodged            |    10 |    40 ||    50
Block: Other             |       |    13 ||    13

Table legend:
 A = Turns spent in this place as a percentage of turns spent in the entire game.
 B = Non-inter-level travel turns spent in this place as a percentage of non-inter-level travel turns spent in the entire game.
 C = Inter-level travel turns spent in this place as a percentage of turns spent in this place.
 D = Turns resting spent in this place as a percentage of non-inter-level travel turns spent in this place.
 E = Turns spent auto-exploring this place as a percentage of non-inter-level travel turns spent in this place.
 F = Non-inter-level travel turns spent in this place divided by the number of levels of this place that you've seen.
                   A       B       C       D       E      F
               +-------+-------+-------+-------+-------+----------------------
         Total | 100.0 | 100.0 |   0.0 |   0.0 |   0.0 | 125.6
       Dungeon | 100.0 | 100.0 |   0.0 |   0.0 |   0.0 | 125.6
               +-------+-------+-------+-------+-------+----------------------

Table legend:
 A = Kills in this place as a percentage of kills in entire the game.
 B = Kills by you in this place as a percentage of kills by you in the entire game.
 C = Kills by friends in this place as a percentage of kills by friends in the entire game.
 D = Other kills in this place as a percentage of other kills in the entire game.
 E = Experience gained in this place as a percentage of experience gained in the entire game.
 F = Experience gained in this place divided by the number of levels of this place that you have seen.
                   A       B       C       D       E      F
               +-------+-------+-------+-------+-------+----------------------
         Total | 100.0 | 100.0 |   N/A |   N/A | 100.0 |  96.4
       Dungeon | 100.0 | 100.0 |   N/A |   N/A | 100.0 |  96.4
               +-------+-------+-------+-------+-------+----------------------

Levels and vault maps discovered:
D:1:      dpeg_arrival_shrine, layout_rooms, minmay_misc_feat_iff,
          minmay_split_cup_small
D:2:      cheibrodos_helix_gallery, layout_basic, grunt_gozag_breadcrumbs,
          first_ration
D:3:      layout_basic, minmay_misc_feat_secret_circle, roderic_batcave,
          uniq_natasha
D:4:      layout_basic, nicolae_overflow_crystal_walls, lemuel_doored_altar,
          kennysheep_mini_moat, ebering_ghost_disaster_area, cheibriados_altar_1
D:5:      layout_loops_ring, serial_shops, shop, grunt_decor_fettered
